 Dungeon Crawl Stone Soup version 0.31-a0-321-g19405a7a6a (webtiles) character file.

Game seed: 18308669243543794495

5 lunkers the Changeling (level 2, -1/36 HPs)
             Began as a Meteoran Shapeshifter on July 17, 2023.
             Slain by a gnoll
             ... wielding a +0 whip
              (4 damage)
             ... on level 2 of the Dungeon.
             The game lasted 00:00:29 (183 turns).

lunkers the Changeling (Meteoran Shapeshifter)       Turns: 183, Time: 00:00:30

Health: -1/36      AC: 21    Str: 16    XL:     2   Next: 5%
Magic:  3/3        EV:  2    Int:  9    God:
Gold:   35         SH:  0    Dex: 14    Spells: 1/1 levels left

rFire   . .          .
                       - Unarmed
rCold   . . .        (no shield)
rNeg    . . .        a - melded +0 animal skin
rPois   +            (helmet currently unavailable)
rElec   .            (cloak currently unavailable)
rCorr   .            (gloves currently unavailable)
SInv    .            (boots currently unavailable)
Will    .....        (no amulet)
Stlth   +            (no ring)
HPRegen 0.26/turn    (no ring)
MPRegen 0.08/turn

%: no passive effects
@: tree-form, glowing
A: stationary, stasis, torment immunity, boosted hp, sense surroundings 1,
otherworldly, glowing, explore regen
a: no special abilities


You were on level 2 of the Dungeon.
You were a tree.
You visited 1 branch of the dungeon, and saw 2 of its levels.

You collected 35 gold pieces.

Inventory:

Armour
 a - a +0 animal skin (melded)
Talismans
 c - a beast talisman
Scrolls
 d - 2 scrolls of identify {unknown}
 e - a scroll of silence {unknown}
 g - a scroll of torment {unknown}
 h - a scroll of vulnerability {unknown}
Potions
 f - a potion of mutation {unknown}


   Skills:
 - Level 2.1 Fighting
 - Level 2.4 Dodging
 * Level 3.1 Unarmed Combat
 - Level 3.6 Shapeshifting


You had one spell level left.
You didn't know any spells.
Your spell library was empty.

Dungeon Overview and Level Annotations

Branches:
Dungeon (1/15) Zot: 1017

Altars:


Innate Abilities, Weirdness & Mutations

You are a tree.
Your roots penetrate the ground, keeping you stationary.
You cannot be teleported.
You are immune to unholy pain and torment.
Your maximum health is greatly increased.
Your equipment is partially melded.
You passively map a small area around you.
You are easily found by Zot.
You glow in the dark.
You regain HP and MP as you explore.


Message History

You tear a large gash into the net.
The endoplasm freezes you.
You are frozen.
* * * LOW HITPOINT WARNING * * *
Really quaff the potion of lignification?
Your transformation has ended.
You turn into a tree.
Your +0 animal skin melds into your body.
Your roots penetrate the ground.
The net rips apart!
The endoplasm freezes you.
You are frozen.
* * * LOW HITPOINT WARNING * * *
The gnoll hits you from afar with a +0 spear.
* * * LOW HITPOINT WARNING * * *
You hit the endoplasm.
The endoplasm is almost dead.
The endoplasm freezes you.
You are frozen.
* * * LOW HITPOINT WARNING * * *
The gnoll hits you but does no damage.
You hit the endoplasm but do no damage.
The endoplasm is almost dead.
The endoplasm hits you but does no damage.
The gnoll completely misses you.
You hit the endoplasm.
You kill the endoplasm!
The gnoll barely misses you. The gnoll hits you but does no damage.
Your Unarmed Combat skill increases to level 3!
You have reached level 2!
You hit the gnoll but do no damage.
The gnoll hits you but does no damage. x2
You hit the gnoll but do no damage. The gnoll hits you with a +0 whip.
* * * LOW HITPOINT WARNING * * *
The gnoll completely misses you.
You hit the gnoll.
The gnoll is moderately wounded.
The gnoll hits you but does no damage. x2
You hit the gnoll.
The gnoll is moderately wounded.
The gnoll hits you with a +0 whip.
You die...

* #.....# *
#.....# , #.....#
* #.....#
#.....#####* , ,*
###.......# *
#..####.# *
######..####.** *
#..gg♣........,
......g###.####.#
* , ##.#... ,..#
, , *,#... ... *
* .....* .###
#.#... * ...#..#
* , .. ... , *


You could see 3 gnolls.

Vanquished Creatures
  An endoplasm (D:2)
  A goblin (D:1)
  A quokka (D:2)
  A bat (D:1)
  A rat (D:1)
5 creatures vanquished.

Notes
Turn   | Place    | Note
-------+----------+-------------------------------------------
     0 | D:1      | lunkers the Meteoran Shapeshifter began the quest for the
                  | Orb.
     0 | D:1      | Reached XP level 1. HP: 17/17 MP: 2/2
   143 | D:1      | You fall into a shaft and drop 1 floor!
   180 | D:2      | Reached XP level 2. HP: 4/24 MP: 3/3
   183 | D:2      | Slain by a gnoll

Illustrated notes

Levels and vault maps discovered:
D:1:      eino_arrival_cavern_a, layout_loops_ring,
          dreamdust_ecumenical_altar_statues, hangedman_decor_clover_reticule,
          minmay_pentomino_z2
D:2:      layout_loops_cross, nicolae_twisty_statue_hallways

Skill      XL: |  1 |
---------------+----+-----
Unarmed Combat | 3 |  3.1
Fighting       | |  2.1
Dodging        | |  2.4
Shapeshifting  | |  3.6

Action                     || total
---------------------------++-------
  Melee: Unarmed           ||    34
    Use: Potion            ||     1
 Armour: Animal skin       ||     6
         Skin              ||     7
  Dodge: Dodged            ||    18

Table legend: (Time is in decaauts)
 A = Elapsed time spent in this place.
 B = Non-inter-level travel time spent in this place.
 C = Inter-level travel time spent in this place.
 D = Time resting spent in this place.
 E = Time spent auto-exploring this place.
 F = Levels seen in this place.
 G = Mean time per level.
                   A        B        C        D        E       F      G
               +--------+--------+--------+--------+--------+-----+--------+
         Total |    181 |    181 |      0 |      0 |    121 |   2 |   90.5 |
       Dungeon |    181 |    181 |      0 |      0 |    121 |   2 |   90.5 |
               +--------+--------+--------+--------+--------+-----+--------+

Top non-repeatable levels by time:
     D:1: 142 daAuts
     D:2: 38 daAuts
